 Dungeon Crawl Stone Soup version 0.26.0-45-g9c1d065592 (webtiles) character file.

Game seed: 1681902048542807405

194 OdinFK the Sneak (level 6, -6/34 HPs)
             Began as a Kobold Enchanter on Jan 30, 2021.
             Killed by divine providence
             ... invoked by an orc priest
              (16 damage)
             ... on level 3 of the Dungeon.
             The game lasted 00:17:29 (2852 turns).

OdinFK the Sneak (Kobold Enchanter)                 Turns: 2852, Time: 00:17:30

Health: -6/34      AC:  4    Str:  6    XL:     6   Next: 3%
Magic:  6/9        EV: 15    Int: 16    God:
Gold:   156        SH:  5    Dex: 17    Spells: 3/9 levels left

rFire    . . .     SeeInvis .   a - +1 dagger
rCold    . . .     Faith    .   d - +0 buckler
rNeg     . . .     Spirit   .   b - +0 robe
rPois    .         Reflect  .   f - +0 helmet
rElec    .         Harm     .   (no cloak)
rCorr    .         Rampage  .   (no gloves)
Will     .....                  o - +0 pair of boots
Stlth    ++++......             (no amulet)
HPRegen  0.11/turn              (no ring)
MPRegen  0.11/turn              (no ring)

@: very slightly contaminated
A: small, nightstalker 3
a: no special abilities


You were on level 3 of the Dungeon.
You visited 1 branch of the dungeon, and saw 3 of its levels.

You collected 156 gold pieces.

Inventory:

Hand Weapons
 a - a +1 dagger (weapon)
Missiles
 m - 3 throwing nets
 t - 2 poisoned darts (quivered)
Armour
 b - a +0 robe (worn)
 d - a +0 buckler (worn)
 f - a +0 helmet (worn)
 o - a +0 pair of boots (worn)
Jewellery
 u - a +4 ring of evasion {unknown}
Wands
 q - a wand of paralysis (10)
Scrolls
 e - 2 scrolls of immolation {unknown}
 n - 2 scrolls of remove curse {unknown}
 p - a scroll of identify {unknown}
 r - a scroll of amnesia {unknown}
 s - a scroll of enchant armour {unknown}
Potions
 c - a potion of mutation {unknown}
 g - 2 potions of might {unknown}
 h - 3 potions of haste {unknown}
 i - a potion of curing {unknown}
 j - 4 potions of heal wounds {unknown}
 k - a potion of invisibility {unknown}
 l - a potion of flight {unknown}


   Skills:
 - Level 1.0 Fighting
 + Level 3.0 Short Blades
 + Level 1.8 Throwing
 - Level 3.0 Dodging
 + Level 5.1 Stealth
 - Level 1.0 Shields
 - Level 2.1 Spellcasting
 - Level 4.0 Hexes
 - Level 1.0 Ice Magic
 - Level 1.0 Evocations


You had 3 spell levels left.
You knew the following spells:

 Your Spells              Type           Power        Failure   Level
a - Corona                Hex            15%          6%          1
b - Ensorcelled Hibernat  Hex/Ice        18%          17%         2
c - Confusing Touch       Hex            14%          19%         3

Your spell library contained the following spells:

 Spells                   Type           Power        Failure   Level
 Tukima's Dance           Hex            14%          19%         3
 Dazzling Flash           Conj/Hex       16%          38%         3


Dungeon Overview and Level Annotations

Branches:
Dungeon (3/15)

Altars:
Ru
Xom
Yredelemnul
The Shining One


Innate Abilities, Weirdness & Mutations

You are small and have problems with some larger weapons.
You are completely attuned to the shadows.


Message History

Throw: 3 darts (poison)
Press: ? - help, Q - select action, (/) - cycle Shift-Dir - straight line, f/p - orc priest
Aim: an orc priest, wielding a +0 flail and wearing a +0 ring mail (moderately wounded, 63% to hit)
You throw a poisoned dart. The poisoned dart hits the orc priest.
The orc priest is poisoned.
The orc priest is moderately wounded.
The orc priest invokes the aid of Beogh against you.
Beogh smites you!
* * * LOW HITPOINT WARNING * * *
Casting: Ensorcelled Hibernation (safe; 17% risk of failure)
Confirm with . or Enter, or press ? or * to list all spells.
Aiming: Ensorcelled Hibernation (safe; 17% risk of failure)
Press: ? - help, Shift-Dir - straight line, f/p - orc priest
Aim: an orc priest, wielding a +0 flail and wearing a +0 ring mail (moderately wounded, poisoned, chance to affect: 40%)
You miscast Ensorcelled Hibernation.
You are very lightly contaminated with residual magic.
Nothing appears to happen.
The orc priest invokes the aid of Beogh against you.
Beogh smites you!
You die...

###.###.(.)........ ##
...........######### #.#
#.......####
#.###.#####.# #####
###.##(# #.# #....
#(.K†K.# #.# #.###
#.#.##.# #.# #.#
#.....#(#####.########.#
#.....#Ko@....##.......#
...(..##########.#######
#.# #)###### #......#
###).###.# ##### #..<.#
#.####
#.#^####...###.....
#.^^.##..#.....####


You could see an orc priest (poisoned) and a kobold.

Vanquished Creatures
  A bullfrog (D:3)
  An orc wizard (D:3)
  3 adders
  A dart slug (D:2)
  A leopard gecko (D:1)
  2 orcs
  6 giant cockroaches
  2 goblins
  8 hobgoblins
  7 jackals
  13 kobolds
  A quokka (D:3)
  5 bats
  5 frilled lizards
  7 rats
  A spectral orc (D:3)
64 creatures vanquished.

Notes
Turn   | Place    | Note
-------+----------+-------------------------------------------
     0 | D:1      | OdinFK the Kobold Enchanter began the quest for the Orb.
     0 | D:1      | Reached XP level 1. HP: 10/10 MP: 3/3
     0 | D:1      | Noticed an iron dragon
     0 | D:1      | Noticed a purple draconian
     1 | D:1      | Noticed a large abomination
     3 | D:1      | Noticed an orb of fire
     3 | D:1      | Noticed an ice dragon
     5 | D:1      | Noticed an ice dragon
     7 | D:1      | Noticed a tentacled monstrosity
     8 | D:1      | Noticed a large abomination
     9 | D:1      | Noticed an ice dragon
    10 | D:1      | Noticed a tentacled monstrosity
    11 | D:1      | Noticed a large abomination
    13 | D:1      | Noticed a golden dragon
    15 | D:1      | Noticed an iron dragon
    17 | D:1      | Noticed an orb of fire
    17 | D:1      | Noticed a yellow draconian
    19 | D:1      | Noticed a yellow draconian
    24 | D:1      | Noticed a large abomination
   380 | D:1      | Reached XP level 2. HP: 2/15 MP: 3/5
  1013 | D:1      | Learned a level 2 spell: Ensorcelled Hibernation
  1412 | D:2      | Reached XP level 3. HP: 20/20 MP: 6/6
  1616 | D:2      | Reached skill level 1 in Fighting
  1705 | D:2      | Learned a level 3 spell: Confusing Touch
  1990 | D:2      | Reached XP level 4. HP: 25/25 MP: 7/7
  2097 | D:3      | Reached skill level 1 in Shields
  2132 | D:3      | Noticed a bullfrog
  2137 | D:3      | Killed a bullfrog
  2138 | D:3      | Reached skill level 1 in Throwing
  2138 | D:3      | Reached skill level 1 in Ice Magic
  2138 | D:3      | Reached skill level 1 in Evocations
  2138 | D:3      | Reached XP level 5. HP: 19/29 MP: 8/8
  2223 | D:3      | Found a glowing golden altar of the Shining One.
  2263 | D:3      | Found a shimmering altar of Xom.
  2263 | D:3      | Found a sacrificial altar of Ru.
  2448 | D:3      | Found a basalt altar of Yredelemnul.
  2719 | D:3      | Reached skill level 5 in Stealth
  2836 | D:3      | Reached XP level 6. HP: 34/34 MP: 6/9
  2852 | D:3      | Killed from afar by an orc priest

Illustrated notes

Levels and vault maps discovered:
D:1:      shiori_arrival_whats_in_store_for_you, layout_basic,
          minmay_stone_trees_small
D:2:      layout_rooms, minmay_octomino_c4
D:3:      layout_loops_ring, grunt_temple_overflow_open,
          yredelemnul_forgotten_temple_becter, nicolae_tso_swordbearing_angel,
          gammafunk_temple_overflow_elements

Skill      XL: |  1  2  3  4  5 |
---------------+----------------+-----
Short Blades   | 2 3 |  3.0
Fighting       | 1 |  1.0
Shields        | 1 |  1.0
Throwing       | 1 |  1.8
Dodging        | 3 |  3.0
Ice Magic      | 1 |  1.0
Evocations     | 1 |  1.0
Stealth        | 5 |  5.1
Hexes          | 4 |  4.0
Spellcasting   | |  2.1

Action                   |  1- 3 |  4- 6 || total
-------------------------+-------+-------++-------
Melee: Dagger            |   205 |    49 ||   254
Throw: Dart              |       |     7 ||     7
 Cast: Corona            |    28 |       ||    28
       Ensorcelled Hiber |     3 |     6 ||     9
Evoke: Wand              |     1 |       ||     1
 Stab: Sleeping          |     9 |    18 ||    27
       Paralysed         |     1 |       ||     1
       Distracted        |       |     1 ||     1
Armor: Robe              |    23 |     3 ||    26
Dodge: Dodged            |   138 |    30 ||   168
Block: Buckler           |    39 |    14 ||    53
